APP
MIAMI (APP) MARLINS @ PHILADELPHIA (APP) PHILLIES
08/21/2044
 
TOP OF THE 1ST
Miami (APP) Marlins batting - Pitching for Philadelphia (APP) Phillies : RHP Georgs Felitti
Pitching: RHP Georgs Felitti
Batting: RHB Jason Thrash 0-0: Called Strike
0-1: Foul Ball, location: 2F
0-2: Hit by Pitch
Batting: RHB Adrian Bocker 0-0: Called Strike
0-1: Ball
1-1: Fly out, F6 (Line Drive, 6, EV 71.3 MPH)
Batting: RHB Mario Cota 0-0: Ball
1-0: Foul Ball, location: 2F
1-1: 2-RUN HOME RUN (Flyball, 7D, EV 95.6 MPH), Distance : 371 ft
Batting: SHB Matt Moore 0-0: Called Strike
0-1: Ball
1-1: Ball
2-1: Fly out, F5 (Line Drive, 6, EV 70.0 MPH)
Batting: RHB Matt Alexander 0-0: Fly out, F1 (Line Drive, P, EV 68.1 MPH)
Top of the 1st over - 2 runs, 1 hit, 0 errors, 0 left on base; Miami (APP) 2 - Philadelphia (APP) 0
BOTTOM OF THE 1ST
Philadelphia (APP) Phillies batting - Pitching for Miami (APP) Marlins : LHP Bryan Wedge
Pitching: LHP Bryan Wedge
Batting: LHB Alex Fernandez 0-0: Ground out U3 (Groundball, 34, EV 83.1 MPH)
Batting: RHB Mark Schultz 0-0: Swinging Strike
0-1: Ground out 5-3 (Groundball, 5, EV 100.6 MPH)
Batting: RHB Kyle Reilly 0-0: Called Strike
0-1: Ball
1-1: SOLO HOME RUN (Flyball, 9LD, EV 90.6 MPH), Distance : 339 ft
Batting: RHB Carlos Morejon 0-0: Called Strike
0-1: Ball
1-1: Called Strike
1-2: Ball
2-2: Ball
3-2: Base on Balls
Batting: LHB Danny Zuniga 0-0: Foul Ball, location: 2F
0-1: Foul Ball, location: 2F
0-2: Ball
1-2: Ball
2-2: Ball
3-2: Strikes out swinging
Bottom of the 1st over - 1 run, 1 hit, 0 errors, 1 left on base; Miami (APP) 2 - Philadelphia (APP) 1
TOP OF THE 2ND
Miami (APP) Marlins batting - Pitching for Philadelphia (APP) Phillies : RHP Georgs Felitti
Batting: RHB Keith Bennett 0-0: Called Strike
0-1: Swinging Strike
0-2: Strikes out swinging
Batting: RHB Rick Knoblauch 0-0: Reached on error, E5 (Groundball, 56S, EV 82.5 MPH)
Batting: LHB Gavrilo Brkic 0-0: Ball
1-0: Ball
2-0: Called Strike
2-1: Ball
3-1: Foul Ball, location: 2F
3-2: Strikes out swinging
Batting: LHB Melvin Castro 0-0: Ball
1-0: Ball
2-0: Called Strike
2-1: Foul Ball, location: 2F
2-2: Ball
3-2: Strikes out looking
Top of the 2nd over - 0 runs, 0 hits, 1 error, 1 left on base; Miami (APP) 2 - Philadelphia (APP) 1
BOTTOM OF THE 2ND
Philadelphia (APP) Phillies batting - Pitching for Miami (APP) Marlins : LHP Bryan Wedge
Batting: RHB Vaclav Been 0-0: Called Strike
0-1: Ball
1-1: Foul Ball, location: 2F
1-2: Foul Ball, location: 2F
1-2: Ball
2-2: Foul Ball, location: 2F
2-2: Strikes out swinging
Batting: RHB Eduardo Calderon 0-0: Ball
1-0: Swinging Strike
1-1: Single, Error in OF, E8, batter to second base (Groundball, 6MD, EV 99.4 MPH)
Batting: LHB Matt Urbanek 0-0: Swinging Strike
0-1: Swinging Strike
0-2: Ball
1-2: Ball
2-2: Foul Ball, location: 2F
2-2: Ground out U3 (Groundball, 3, EV 107.5 MPH)
Eduardo Calderon to third
Batting: LHB Eric Farren 0-0: Called Strike
0-1: Called Strike
0-2: Ball
1-2: Ball
2-2: Ball
3-2: DOUBLE (Line Drive, 9LM, EV 112.5 MPH)
Eduardo Calderon scores
Batting: LHB Alex Fernandez 0-0: Ball
1-0: Reached on error, E4 (Groundball, 4, EV 103.8 MPH)
Eric Farren to third
Batting: RHB Mark Schultz 0-0: Ball
1-0: Ball
2-0: Fielders Choice at 2nd, U6 (Groundball, 4MD, EV 106.9 MPH)
Bottom of the 2nd over - 1 run, 2 hits, 2 errors, 2 left on base; Miami (APP) 2 - Philadelphia (APP) 2
TOP OF THE 3RD
Miami (APP) Marlins batting - Pitching for Philadelphia (APP) Phillies : RHP Georgs Felitti
Batting: RHB Jason Thrash 0-0: Ball
1-0: Foul Ball, location: 2F
1-1: Ball
2-1: Foul Ball, location: 2F
2-2: Ground out 5-3 (Groundball, 56D, EV 103.8 MPH)
Batting: RHB Adrian Bocker 0-0: Swinging Strike
0-1: Ball
1-1: SINGLE (Line Drive, 9S, EV 104.4 MPH)
Batting: RHB Mario Cota 0-0: Ball
1-0: Ball
2-0: Foul Ball, location: 2F
2-1: Foul Ball, location: 2F
2-2: Strikes out swinging
Batting: SHB Matt Moore 0-0: Called Strike
0-1: Ball
1-1: Ball
2-1: Fly out, F7 (Flyball, 7LD, EV 105.6 MPH)
Top of the 3rd over - 0 runs, 1 hit, 0 errors, 1 left on base; Miami (APP) 2 - Philadelphia (APP) 2
BOTTOM OF THE 3RD
Philadelphia (APP) Phillies batting - Pitching for Miami (APP) Marlins : LHP Bryan Wedge
Batting: RHB Kyle Reilly 0-0: Called Strike
0-1: Called Strike
0-2: Ball
1-2: Ball
2-2: Ball
3-2: Base on Balls
Batting: RHB Carlos Morejon 0-0: Ball
1-0: Foul Ball, location: 2F
1-1: Fielders Choice at 2nd, 6-4 (Groundball, 6, EV 84.4 MPH)
Batting: LHB Danny Zuniga 0-0: Ball
1-0: Ball
2-0: Foul Ball, location: 2F
2-1: Fly out, F2 (Popup, 25F, EV 81.3 MPH)
Batting: RHB Vaclav Been 0-0: Ball
1-0: Fly out, F8 (Flyball, 8LXD, EV 90.0 MPH)
Bottom of the 3rd over - 0 runs, 0 hits, 0 errors, 1 left on base; Miami (APP) 2 - Philadelphia (APP) 2
TOP OF THE 4TH
Miami (APP) Marlins batting - Pitching for Philadelphia (APP) Phillies : RHP Georgs Felitti
Batting: RHB Matt Alexander 0-0: Ball
1-0: Ball
2-0: Ball
3-0: Called Strike
3-1: Called Strike
3-2: DOUBLE (Line Drive, 8LXD, EV 112.5 MPH)
Batting: RHB Keith Bennett 0-0: Ground out 4-3 (Groundball, 4, EV 101.3 MPH)
Matt Alexander to third
Batting: RHB Rick Knoblauch 0-0: Called Strike
0-1: Ball
1-1: Called Strike
1-2: Foul Ball, location: 2F
1-2: Ground out 6-3 (Groundball, 6, EV 85.0 MPH)
Matt Alexander scores
Batting: LHB Gavrilo Brkic 0-0: Ball
1-0: Ground out 6-3 (Groundball, 6M, EV 87.5 MPH)
Top of the 4th over - 1 run, 1 hit, 0 errors, 0 left on base; Miami (APP) 3 - Philadelphia (APP) 2
BOTTOM OF THE 4TH
Philadelphia (APP) Phillies batting - Pitching for Miami (APP) Marlins : LHP Bryan Wedge
Batting: RHB Eduardo Calderon 0-0: Called Strike
0-1: Ball
1-1: Swinging Strike
1-2: Ball
2-2: DOUBLE (Groundball, 5L, EV 98.8 MPH)
Batting: LHB Matt Urbanek 0-0: Foul Ball, location: 2F
0-1: Swinging Strike
0-2: Ball
1-2: Ball
2-2: Foul Ball, location: 2F
2-2: Strikes out swinging
Batting: LHB Eric Farren 0-0: Called Strike
0-1: Ball
1-1: Swinging Strike
1-2: Strikes out swinging
Batting: LHB Alex Fernandez 0-0: Ball
1-0: Called Strike
1-1: Ball
2-1: DOUBLE (Line Drive, 78D, EV 111.9 MPH)
Eduardo Calderon scores
Batting: RHB Mark Schultz 0-0: Ball
1-0: Foul Ball, location: 2F
1-1: Ball
2-1: Fly out, F4 (Popup, 34, EV 77.5 MPH)
Bottom of the 4th over - 1 run, 2 hits, 0 errors, 1 left on base; Miami (APP) 3 - Philadelphia (APP) 3
TOP OF THE 5TH
Miami (APP) Marlins batting - Pitching for Philadelphia (APP) Phillies : RHP Georgs Felitti
Batting: LHB Melvin Castro 0-0: Ball
1-0: Ground out 6-3 (Groundball, 6M, EV 93.1 MPH)
Batting: RHB Jason Thrash 0-0: Called Strike
0-1: SINGLE (Flyball, 9LS, EV 79.4 MPH)
Batting: RHB Adrian Bocker 0-0: Ball
1-0: Called Strike
1-1: Swinging Strike
1-2: Foul Ball, location: 2F
1-2: Foul Ball, location: 2F
1-2: Strikes out swinging
Batting: RHB Mario Cota 0-0: Called Strike
0-1: Ball
1-1: Fielders Choice at 2nd, 6-4 (Groundball, 56, EV 89.4 MPH)
Top of the 5th over - 0 runs, 1 hit, 0 errors, 1 left on base; Miami (APP) 3 - Philadelphia (APP) 3
BOTTOM OF THE 5TH
Philadelphia (APP) Phillies batting - Pitching for Miami (APP) Marlins : LHP Bryan Wedge
Batting: RHB Kyle Reilly 0-0: Ball
1-0: Called Strike
1-1: Ball
2-1: Ground out 5-3 (Groundball, 56S, EV 90.0 MPH)
Batting: RHB Carlos Morejon 0-0: Ball
1-0: Ball
2-0: Fly out, F9 (Flyball, 9, EV 91.9 MPH)
Batting: LHB Danny Zuniga 0-0: Reached on error, E4 (Groundball, 34D, EV 85.0 MPH)
Batting: RHB Vaclav Been 0-0: Ball
1-0: Fielders Choice at 2nd, 5-4 (Groundball, 56, EV 86.9 MPH)
Bottom of the 5th over - 0 runs, 0 hits, 1 error, 1 left on base; Miami (APP) 3 - Philadelphia (APP) 3
TOP OF THE 6TH
Miami (APP) Marlins batting - Pitching for Philadelphia (APP) Phillies : RHP Georgs Felitti
Batting: SHB Matt Moore 0-0: Ball
1-0: Ball
2-0: SINGLE (Groundball, 4MD, EV 101.9 MPH)
Pitching: LHP Ignacio Amaya
Batting: RHB Matt Alexander 0-0: Grounds into double play, 5-4-3 (Groundball, 56, EV 90.0 MPH)
Batting: RHB Keith Bennett 0-0: Called Strike
0-1: Swinging Strike
0-2: Ball
1-2: Ball
2-2: Strikes out swinging
Top of the 6th over - 0 runs, 1 hit, 0 errors, 0 left on base; Miami (APP) 3 - Philadelphia (APP) 3
BOTTOM OF THE 6TH
Philadelphia (APP) Phillies batting - Pitching for Miami (APP) Marlins : LHP Bryan Wedge
Batting: RHB Eduardo Calderon 0-0: Ball
1-0: Ground out 6-3 (Groundball, 6S, EV 87.5 MPH)
Batting: LHB Matt Urbanek 0-0: Called Strike
0-1: Ball
1-1: Ball
2-1: Ball
3-1: Foul Ball, location: 2F
3-2: Strikes out swinging
Batting: LHB Eric Farren 0-0: Ball
1-0: Ball
2-0: Ball
3-0: Called Strike
3-1: Base on Balls
Pitching: LHP Tyler Murders
Batting: LHB Alex Fernandez 0-0: Ball
Eric Farren steals 2nd base
1-0: Ball
2-0: Ball
Wild Pitch!
Eric Farren to third
3-0: Called Strike
3-1: Base on Balls
Batting: RHB Mark Schultz 0-0: Called Strike
0-1: Ball
1-1: Swinging Strike
1-2: SINGLE (Line Drive, 6D, EV 97.5 MPH)
Eric Farren scores
Alex Fernandez to second
Runner from 2nd tries for 3rd, SAFE, no throw by CF
Batting: RHB Kyle Reilly 0-0: Ball
1-0: Swinging Strike
1-1: Called Strike
1-2: Foul Ball, location: 2F
1-2: Foul Ball, location: 2F
1-2: Ball
2-2: DOUBLE (Line Drive, 9LM, EV 106.9 MPH)
Alex Fernandez scores
Mark Schultz to third
Batting: RHB Carlos Morejon 0-0: Ball
1-0: Ball
2-0: Ball
3-0: Called Strike
3-1: Swinging Strike
3-2: Base on Balls
Batting: LHB Danny Zuniga 0-0: Ball
1-0: Ball
2-0: Ball
3-0: Called Strike
3-1: Base on Balls
Mark Schultz scores
Kyle Reilly to third
Carlos Morejon to second
Batting: RHB Vaclav Been 0-0: Called Strike
0-1: Foul Ball, location: 2F
0-2: Strikes out looking
Bottom of the 6th over - 3 runs, 2 hits, 0 errors, 3 left on base; Miami (APP) 3 - Philadelphia (APP) 6
TOP OF THE 7TH
Miami (APP) Marlins batting - Pitching for Philadelphia (APP) Phillies : LHP Ignacio Amaya
Pitching: RHP Dustin Greaves
Batting: RHB Rick Knoblauch 0-0: Ball
1-0: Foul Ball, location: 2F
1-1: Fly out, F5 (Popup, 5S, EV 67.5 MPH)
Batting: LHB Gavrilo Brkic 0-0: Ball
1-0: Called Strike
1-1: Ball
2-1: Called Strike
2-2: Strikes out swinging
Batting: LHB Melvin Castro 0-0: Called Strike
0-1: Ball
1-1: Called Strike
1-2: Strikes out swinging
Top of the 7th over - 0 runs, 0 hits, 0 errors, 0 left on base; Miami (APP) 3 - Philadelphia (APP) 6
BOTTOM OF THE 7TH
Philadelphia (APP) Phillies batting - Pitching for Miami (APP) Marlins : LHP Tyler Murders
Batting: RHB Eduardo Calderon 0-0: Foul Ball, location: 2F
0-1: Ground out 4-3 (Groundball, 4, EV 105.0 MPH)
Batting: LHB Matt Urbanek 0-0: Foul Ball, location: 2F
0-1: Called Strike
0-2: Foul Ball, location: 2F
0-2: SINGLE (Groundball, 34D, EV 108.1 MPH)
Batting: LHB Eric Farren 0-0: Foul Ball, location: 2F
0-1: 2-RUN HOME RUN (Flyball, 7D, EV 98.1 MPH), Distance : 378 ft
Batting: LHB Alex Fernandez 0-0: Swinging Strike
0-1: Ball
1-1: Called Strike
1-2: Ball
2-2: Foul Ball, location: 2F
2-2: Strikes out swinging
Batting: RHB Mark Schultz 0-0: Swinging Strike
0-1: DOUBLE (Line Drive, 9LM, EV 108.8 MPH)
Batting: RHB Kyle Reilly 0-0: Called Strike
0-1: Fly out, F6 (Popup, 6, EV 70.0 MPH)
Bottom of the 7th over - 2 runs, 3 hits, 0 errors, 1 left on base; Miami (APP) 3 - Philadelphia (APP) 8
TOP OF THE 8TH
Miami (APP) Marlins batting - Pitching for Philadelphia (APP) Phillies : RHP Dustin Greaves
Batting: RHB Jason Thrash 0-0: Swinging Strike
0-1: Ball
1-1: Called Strike
1-2: Ball
2-2: Strikes out swinging
Batting: RHB Adrian Bocker 0-0: Ball
1-0: Called Strike
1-1: Foul Ball, location: 2F
1-2: Strikes out swinging
Batting: RHB Mario Cota 0-0: Ball
1-0: SINGLE (Line Drive, 6MD, EV 105.0 MPH)
Batting: SHB Matt Moore 0-0: Ball
1-0: Fly out, F9 (Flyball, 89M, EV 93.8 MPH)
Top of the 8th over - 0 runs, 1 hit, 0 errors, 1 left on base; Miami (APP) 3 - Philadelphia (APP) 8
BOTTOM OF THE 8TH
Philadelphia (APP) Phillies batting - Pitching for Miami (APP) Marlins : LHP Tyler Murders
Batting: RHB Carlos Morejon 0-0: Called Strike
0-1: Ball
1-1: Ball
2-1: Ball
3-1: SOLO HOME RUN (Flyball, 7D, EV 97.5 MPH), Distance : 353 ft
Batting: LHB Danny Zuniga 0-0: Swinging Strike
0-1: Ball
1-1: Called Strike
1-2: Ball
2-2: Ball
3-2: Base on Balls
Batting: RHB Vaclav Been 0-0: Called Strike
0-1: Ball
1-1: Swinging Strike
1-2: SINGLE (Groundball, 56D, EV 94.4 MPH)
Danny Zuniga to second
Pitching: LHP Mike Wasson
Batting: RHB Eduardo Calderon 0-0: Ball
1-0: Ball
2-0: Foul Ball, location: 2F
2-1: Foul Ball, location: 2F
2-2: Strikes out looking
Batting: LHB Matt Urbanek 0-0: Ball
1-0: Called Strike
1-1: Foul Ball, location: 2F
1-2: Ball
2-2: Foul Ball, location: 2F
2-2: Ball
3-2: Strikes out swinging
Batting: LHB Eric Farren 0-0: Ball
1-0: SINGLE (Groundball, 4MD, EV 106.9 MPH)
Danny Zuniga to third
Vaclav Been to second
Runner from 3rd tries for Home, SAFE, throw by CF to trailing runner, SAFE at third!
Batting: LHB Alex Fernandez 0-0: Called Strike
0-1: Foul Ball, location: 2F
0-2: Ball
1-2: Foul Ball, location: 2F
1-2: Foul Ball, location: 2F
1-2: SINGLE (Groundball, 6, EV 107.5 MPH)
Vaclav Been scores
Eric Farren to second
Batting: RHB Mark Schultz 0-0: Foul Ball, location: 2F
0-1: Ball
1-1: SINGLE (Groundball, 56, EV 100.6 MPH)
Eric Farren to third
Alex Fernandez to second
Runner from 3rd tries for Home, SAFE, throw by LF to home
Batting: RHB Kyle Reilly 0-0: Ball
1-0: Swinging Strike
1-1: Swinging Strike
1-2: Ball
2-2: Strikes out looking
Bottom of the 8th over - 4 runs, 5 hits, 0 errors, 2 left on base; Miami (APP) 3 - Philadelphia (APP) 12
TOP OF THE 9TH
Miami (APP) Marlins batting - Pitching for Philadelphia (APP) Phillies : RHP Dustin Greaves
Batting: RHB Matt Alexander 0-0: Ball
1-0: Swinging Strike
1-1: Foul Ball, location: 2F
1-2: Ball
2-2: Foul Ball, location: 2F
2-2: Ball
3-2: Strikes out swinging
Batting: RHB Keith Bennett 0-0: Ball
1-0: Foul Ball, location: 2F
1-1: Foul Ball, location: 2F
1-2: Ground out 5-3 (Groundball, 5L, EV 86.9 MPH)
Batting: RHB Rick Knoblauch 0-0: Ground out 4-3 (Groundball, 4M, EV 96.9 MPH)
Top of the 9th over - 0 runs, 0 hits, 0 errors, 0 left on base; Miami (APP) 3 - Philadelphia (APP) 12
Thursday, March 31st , 2022 - OOTP Baseball 22.12 Build 89